AoeStats
← MarXthedruid

Arabian Desert

510517485Analyzed
1v1 RM · 13h ago on Oct 1, 2026· 23m 49s· 2 players
Game mode
Random Map
Map size
Tiny (2 player)
Population
200
Speed
Normal
Resources
Standard
Victory
Conquest
Starting age
Dark Age
Ending age
Imperial Age
RankedLock teamsTeams togetherTeam positionsShared explorationLock speedFull tech treeHidden civsTurbo modeCheats
Victory
Defeat
🇳🇴 Lithuanians · Norway
1163
+14
🇬🇧 Vietnamese · United Kingdom
1126
-14
MarXthedruid
7:50 Loom
10:00 Feudal Age
16:00 Double-Bit Axe
25:08 Castle Age
22:57 Horse Collar
si.elgen
6:50 Loom
9:17 Feudal Age
9:44 Double-Bit Axe
9:57 Man-at-Arms
19:05 Castle Age
18:17 Bloodlines
18:15 Scale Barding Armor
18:34 Gold Mining
19:03 Forging
20:21 Husbandry
Connection lost

Rejoining the realm…

Still unreachable

The connection could not be restored.

Session expired

The server has moved on; the page needs a fresh start.